 Dungeon Crawl Stone Soup version 0.23.2-40-g277498a (webtiles) character file.

Game seed: 560979622446042457

115 silentkaos13 the Caller (level 5, -1/30 HPs)
             Began as a Kobold Summoner on Oct 7, 2019.
             Slain by Purgy (3 damage)
             ... in a sewer.
             The game lasted 00:07:31 (2654 turns).

silentkaos13 the Caller (Kobold Summoner)           Turns: 2654, Time: 00:07:32

Health: -1/30      AC:  6    Str:  6    XL:     5   Next: 20%
Magic:  4/8        EV: 14    Int: 17    God:
Gold:   73         SH:  0    Dex: 15    Spells: 6/9 levels left

rFire    . . .     SeeInvis .   p - +5 dagger (flame)
rCold    . . .     Gourm    .   (shield restricted)
rNeg     . . .     Faith    .   f - +1 troll leather armour
rPois    .         Spirit   .   m - +0 helmet
rElec    .         Reflect  .   (no cloak)
rCorr    .         Harm     .   (no gloves)
MR       .....                  (no boots)
Stlth    +.........             (no amulet)
HPRegen  0.50/turn              n - ring of flight
MPRegen  0.11/turn              (no ring)

@: very slow
A: small, carnivore
a: Evoke Flight


You were in a sewer.
You were not hungry.

You visited 1 branch of the dungeon, and saw 3 of its levels.
You also visited: Sewer.

You collected 73 gold pieces.

Inventory:

Hand Weapons
 k - a +0 dagger
 p - a +5 dagger of flaming (weapon)
Armour
 a - a +0 robe
 f - a +1 troll leather armour (worn)
 m - a +0 helmet (worn)
Jewellery
 b - a +3 ring of evasion {unknown}
 n - a ring of flight (left hand)
Scrolls
 i - a scroll of identify
Potions
 d - 2 potions of curing {unknown}
 e - a potion of lignification {unknown}
 g - a potion of magic {unknown}
 h - a potion of ambrosia {unknown}
 j - 2 potions of mutation {unknown}
 l - a potion of berserk rage {unknown}
 o - a potion of might {unknown}
Comestibles
 c - 3 rations


   Skills:
 * Level 1.9 Fighting
 * Level 2.9 Short Blades
 + Level 0.6 Armour
 + Level 2.8 Dodging
 + Level 3.3 Stealth
 + Level 2.6 Spellcasting
 + Level 4.4 Summonings


You had 6 spell levels left.
You knew the following spells:

 Your Spells              Type           Power        Failure   Level  Hunger
a - Summon Small Mammal   Summ           ###.         4%          1    #......
b - Call Imp              Summ           ###.....     7%          2    ##.....

Your spell library contained the following spells:

 Spells                   Type           Power        Failure   Level  Hunger
 Call Canine Familiar     Summ           ###.....     14%         3    ###....
 Summon Guardian Golem    Hex/Summ       #.......     34%         3    ###....
 Summon Ice Beast         Ice/Summ       #.......     75%         4    #####..
 Summon Lightning Spire   Summ/Air       #.......     75%         4    #####..


Dungeon Overview and Level Annotations

Branches:
Dungeon (3/15)

Altars:
Sif Muna

Annotations:
Sewer Purgy


Innate Abilities, Weirdness & Mutations

You are small and have problems with some larger weapons.
You are carnivorous and can eat meat at any time.


Message History

Casting: Call Imp (safe; 7% risk of failure)
Confirm with . or Enter, or press ? or * to list all spells.
A beastly little devil appears in a puff of flame.
Your crimson imp blinks!
Purgy bites you but does no damage. Purgy closely misses you.
Purgy claws you but does no damage.
Your unstable footing causes you to fumble your attack.
Purgy barely misses you. Purgy completely misses you.
Purgy claws you but does no damage.
Your unstable footing causes you to fumble your attack.
Purgy barely misses you. Purgy claws you but does no damage. Purgy claws you.
You hit Purgy. You burn Purgy.
Purgy is almost dead.
Purgy bites you!
* * * LOW HITPOINT WARNING * * *
Purgy claws you.
* * * LOW HITPOINT WARNING * * *
Purgy claws you but does no damage.
Your crimson imp hits Purgy.
Purgy bites you.
You die...

≈≈≈≈≈≈≈ ≈≈≈≈≈≈≈
≈≈≈≈≈≈.## ≈≈≈≈≈≈..#
≈≈≈≈≈≈≈≈#
≈≈≈≈≈≈≈5#######?
≈≈≈≈≈≈≈5≈≈..≈≈≈≈
≈≈≈≈≈≈≈T#######!
≈≈≈≈≈≈≈@# ≈≈≈≈≈≈≈.#
≈≈≈≈≈≈≈.### ≈≈≈≈≈≈≈≈≈.##
≈≈≈≈≈≈≈≈≈≈.### ##
#≈≈≈≈≈≈≈≈≈≈≈.##### ###.
#≈≈≈≈≈≈≈≈≈≈≈≈.≈..####.#≈
###≈≈≈≈≈≈≈≈≈≈≈≈≈≈##.#≈.≈
##≈≈≈≈≈≈≈≈≈≈≈≈≈.≈.†≈≈≈


You could see Purgy and 2 friendly crimson imps.

Vanquished Creatures
  Jessica (D:3)
  3 adders
  An ooze (D:3)
  2 dart slugs (D:2)
  A leopard gecko (D:2)
  3 orcs (D:3)
  A giant cockroach (D:3)
  9 goblins
  3 hobgoblins
  2 kobolds (D:2)
  A quokka (D:2)
  4 bats
  3 frilled lizards (Sewer)
  6 rats (D:2)
40 creatures vanquished.

Vanquished Creatures (collateral kills)
  An adder (D:2)
  An ooze (D:3)
  3 giant cockroaches
  A hobgoblin (D:1)
  2 jackals (D:2)
  4 kobolds
  3 rats (D:2)
15 creatures vanquished.

Grand Total: 55 creatures vanquished

Notes
Turn   | Place    | Note
-------+----------+-------------------------------------------
     0 | D:1      | silentkaos13 the Kobold Summoner began the quest for the
                  | Orb.
     0 | D:1      | Reached XP level 1. HP: 10/10 MP: 3/3
  1072 | D:1      | Reached XP level 2. HP: 13/15 MP: 5/5
  1224 | D:2      | Reached skill level 1 in Short Blades
  1376 | D:2      | Learned a level 2 spell: Call Imp
  1424 | D:2      | Reached XP level 3. HP: 20/20 MP: 6/6
  1552 | D:2      | Reached skill level 1 in Fighting
  1880 | D:2      | Reached XP level 4. HP: 21/25 MP: 4/7
  2435 | D:3      | Found a deep blue altar of Sif Muna.
  2499 | D:3      | Noticed Jessica
  2502 | D:3      | Killed Jessica
  2519 | D:3      | Reached XP level 5. HP: 30/30 MP: 8/8
  2571 | D:3      | Found a glowing drain.
  2576 | Sewer    | Entered a sewer
  2619 | Sewer    | Noticed Purgy
  2654 | Sewer    | Slain by Purgy

Skill      XL: |  1  2  3  4 |
---------------+-------------+-----
Short Blades   | 1 2 |  2.9
Fighting       | 1 |  1.9
Stealth        | 3 |  3.3
Armour         | |  0.6
Dodging        | |  2.8
Spellcasting   | |  2.6
Summonings     | |  4.4

Action                   |  1- 3 |  4- 6 || total
-------------------------+-------+-------++-------
Melee: Unarmed           |    57 |       ||    57
       Dagger            |   150 |   107 ||   257
 Cast: Summon Small Mamm |    11 |       ||    11
       Call Imp          |     4 |     5 ||     9
  Use: Scroll            |       |     5 ||     5
 Stab: Sleeping          |     4 |     2 ||     6
       Distracted        |     1 |       ||     1
  Eat: Chunk             |    10 |       ||    10
Armor: Troll leather arm |    39 |    38 ||    77
       Robe              |     1 |       ||     1
Dodge: Dodged            |   154 |    95 ||   249
